AoeStats
← Zé Gui

African Clearing

510344127Analyzed
4v4 RM · 16h ago on Sep 30, 2026· 72m 56s· 8 players
Game mode
Random Map
Map size
Large (8 player)
Population
200
Speed
Normal
Resources
Standard
Victory
Conquest
Starting age
Dark Age
Ending age
Imperial Age
RankedLock teamsTeams togetherTeam positionsShared explorationLock speedFull tech treeHidden civsTurbo modeCheats
Victory
Defeat
🇵🇪 Persians · Peru
1150
+15
🇨🇳 Byzantines · China
1137
+16
🇨🇳 Spanish · China
1131
+16
🇨🇳 Goths · China
1080
+17
🇩🇪 Burgundians · Germany
1174
-18
🇵🇹 Dravidians · Portugal
1130
-16
🇮🇱 Khmer · Israel
1123
-16
🇧🇾 Armenians · Belarus
1084
-14
Zé Gui
14:51 Feudal Age
14:20 Loom
16:16 Double-Bit Axe
16:26 Gold Mining
20:33 Castle Age
19:35 Fletching
20:52 Horse Collar
21:26 Bow Saw
22:25 Bodkin Arrow
22:43 Heavy Plow
26:13 Padded Archer Armor
28:45 Ballistics
29:03 Leather Archer Armor
29:57 Thumb Ring
38:44 Imperial Age
38:57 Masonry
38:53 Stone Mining
39:35 Bracer
40:42 Ring Archer Armor
41:53 Chemistry
41:47 Wheelbarrow
42:46 Elite Elephant Archer
44:10 Conscription
44:26 Hoardings
47:58 Murder Holes
48:56 Hand Cart
49:43 Two-Man Saw
54:54 Town Watch
56:03 Wootz Steel
69:57 Elite Skirmisher
Wospenzukh
12:24 Feudal Age
10:40 Loom
12:49 Man-at-Arms
14:56 Long Swordsman
15:25 Arson
18:44 Double-Bit Axe
22:03 Castle Age
20:47 Scale Mail Armor
21:56 Forging
23:38 Bow Saw
23:19 Stone Mining
24:15 Fletching
30:56 Gold Mining
34:44 Town Watch
35:43 Horse Collar
37:39 Wheelbarrow
39:52 Ballistics
40:03 Bodkin Arrow
40:08 Padded Archer Armor
40:27 Hand Cart
45:38 Imperial Age
46:04 Leather Archer Armor
45:13 Two-Handed Swordsman
45:39 Gambesons
45:54 Squires
46:13 Chain Mail Armor
46:40 Iron Casting
46:45 Conscription
46:17 Elite Composite Bowman
51:05 Gold Shaft Mining
50:47 Fereters
51:24 Heavy Plow
54:10 Pikeman
54:53 Bracer
55:24 Ring Archer Armor
55:57 Chemistry
56:00 Halberdier
68:36 Plate Mail Armor
71:00 Capped Ram
71:03 Champion
hyperxrev
8:53 Loom
15:41 Feudal Age
22:17 Castle Age
20:42 Double-Bit Axe
20:42 Horse Collar
22:30 Gold Mining
22:46 Stone Mining
24:07 Wheelbarrow
24:42 Bow Saw
27:34 Gold Shaft Mining
27:35 Stone Shaft Mining
27:06 Heavy Plow
33:57 Imperial Age
31:50 Hand Cart
34:33 Fortified Wall
34:45 Ballistics
35:21 Crop Rotation
34:29 Elite Ballista Elephant
35:31 Conscription
35:15 Tusk Swords
36:09 Double Crossbow
36:13 Husbandry
36:24 Bloodlines
35:36 Light Cavalry
37:03 Scale Barding Armor
37:09 Forging
38:56 Chemistry
37:38 Hussar
38:53 Chain Barding Armor
39:16 Iron Casting
39:36 Siege Engineers
41:10 Plate Barding Armor
42:27 Blast Furnace
49:10 Pikeman
49:35 Arson
silkroad
3:54 Loom
10:21 Double-Bit Axe
14:26 Feudal Age
15:12 Town Watch
19:34 Castle Age
18:50 Arson
20:54 Wheelbarrow
20:52 Stone Mining
21:09 Squires
22:28 Stone Shaft Mining
21:44 Gold Mining
29:47 Bow Saw
32:02 Two-Man Saw
34:57 Imperial Age
32:40 Fletching
33:58 Hand Cart
35:31 Bodkin Arrow
42:41 Horse Collar
45:16 Heavy Plow
46:02 Scale Mail Armor
46:33 Forging
47:30 Chain Mail Armor
49:01 Plate Mail Armor
49:07 Iron Casting
48:37 Town Patrol
49:11 Conscription
58:25 Blast Furnace
59:18 Pikeman
60:17 Halberdier
61:54 Husbandry
61:14 Light Cavalry
62:23 Scale Barding Armor
62:40 Hussar
63:59 Chain Barding Armor
67:15 Treadmill Crane
68:36 Chemistry
67:47 Masonry
67:58 Ballistics
69:47 Plate Barding Armor
精锐磁暴步兵
12:13 Loom
14:03 Feudal Age
14:46 Double-Bit Axe
15:06 Loom
20:13 Castle Age
21:34 Bow Saw
25:39 Horse Collar
27:48 Husbandry
29:13 Wheelbarrow
29:40 Heavy Plow
31:27 Hand Cart
31:09 Stone Mining
34:30 Imperial Age
32:18 Gold Mining
33:18 Stone Shaft Mining
32:48 Pikeman
33:29 Squires
33:35 Scale Barding Armor
33:40 Forging
33:53 Ballistics
34:16 Gold Shaft Mining
33:27 Treadmill Crane
34:46 Chain Barding Armor
35:01 Iron Casting
36:18 Two-Man Saw
35:49 Crop Rotation
36:11 Plate Barding Armor
36:41 Conscription
37:18 Padded Archer Armor
37:18 Scale Mail Armor
39:17 Chemistry
37:44 Capped Ram
38:04 Onager
39:09 Elite Cataphract
41:05 Logistica
41:23 Block Printing
41:44 Fervor
42:04 Light Cavalry
43:34 Chain Mail Armor
43:35 Leather Archer Armor
44:56 Illumination
44:27 Siege Ram
46:03 Sanctity
46:19 Theocracy
48:12 Redemption
48:03 Atonement
48:49 Halberdier
50:08 Plate Mail Armor
50:09 Ring Archer Armor
50:54 Fletching
52:02 Arson
52:00 Hussar
52:50 Bodkin Arrow
53:18 Bombard Tower
53:09 Fortified Wall
54:20 Bracer
56:08 Thumb Ring
55:23 Elite Skirmisher
58:20 Hoardings
57:46 Greek Fire
57:36 Arrowslits
60:58 Coinage
62:00 Cavalier
66:00 Paladin
71:28 Elite Varangian Guard
屋顶上的轻骑兵
3:42 Loom
13:40 Feudal Age
20:07 Castle Age
27:41 Horse Collar
28:19 Man-at-Arms
30:40 Double-Bit Axe
33:28 Bow Saw
35:22 Heavy Plow
42:45 Wheelbarrow
45:35 Gold Mining
45:36 Stone Mining
48:23 Imperial Age
45:32 Long Swordsman
47:51 Gold Mining
47:52 Stone Mining
48:24 Forging
48:18 Scale Mail Armor
48:34 Two-Handed Swordsman
49:57 Hand Cart
49:34 Pikeman
51:41 Crop Rotation
51:24 Town Watch
51:57 Chain Mail Armor
51:43 Fletching
53:27 Two-Man Saw
53:51 Champion
55:27 Iron Casting
56:58 Chemistry
57:53 Blast Furnace
58:32 Padded Archer Armor
58:59 Conscription
62:11 Halberdier
62:51 Squires
63:17 Guilds
65:30 Perfusion
65:31 Anarchy
64:52 Elite Huskarl
66:09 Treadmill Crane
66:51 Ballistics
66:14 Treadmill Crane
66:29 Murder Holes
帅死八个人
5:35 Loom
14:43 Feudal Age
18:39 Castle Age
17:33 Double-Bit Axe
21:14 Bow Saw
20:47 Horse Collar
26:17 Heavy Plow
37:09 Imperial Age
36:58 Wheelbarrow
38:10 Scale Barding Armor
38:15 Forging
37:51 Sappers
38:44 Conscription
38:13 Cavalier
38:53 Husbandry
39:04 Bloodlines
39:34 Chain Barding Armor
41:09 Gold Mining
43:31 Plate Barding Armor
43:32 Iron Casting
46:56 Paladin
49:32 Blast Furnace
51:36 Stone Mining
72:01 Hand Cart
El Botascha 2.0
4:41 Loom
17:49 Feudal Age
18:05 Man-at-Arms
18:30 Arson
18:49 Arson
28:10 Fishing Lines
30:12 Double-Bit Axe
32:56 Horse Collar
35:31 Gold Mining
35:34 Stone Mining
38:20 Castle Age
37:21 Scale Barding Armor
37:28 Forging
39:02 Wheelbarrow
39:26 Bloodlines
40:10 Town Watch
42:44 Bow Saw
47:26 Gold Shaft Mining
49:05 Hand Cart
49:48 Heavy Plow
54:39 Chain Barding Armor
57:09 Elite Skirmisher
57:54 Padded Archer Armor
57:44 Fletching
59:02 Gillnets
67:04 Iron Casting
66:19 Fletching
66:44 Leather Archer Armor
66:30 Scale Mail Armor
67:05 Coinage
66:36 Caravan
67:11 Light Cavalry
67:51 Husbandry
70:46 Ballistics
70:16 Heated Shot
70:37 Masonry
70:48 Chain Mail Armor
70:29 Bodkin Arrow
71:47 Thumb Ring
75:57 Imperial Age
Connection lost

Rejoining the realm…

Still unreachable

The connection could not be restored.

Session expired

The server has moved on; the page needs a fresh start.